 Dungeon Crawl Stone Soup version 0.20.1-1-g8b1a95d (webtiles) character file.

16033 valak24 the Spear-Bearer (level 12, -6/95 HPs)
             Began as a Human Fighter on July 15, 2017.
             Was an Elder of the Shining One.
             Killed from afar by Aizul (10 damage)
             ... with a poison arrow
             ... on level 1 of the Swamp.
             The game lasted 00:40:49 (13612 turns).

valak24 the Spear-Bearer (Human Fighter)           Turns: 13612, Time: 00:40:49

Health: -6/95      AC: 36    Str: 20    XL:     12   Next: 65%
Magic:  9/12       EV:  5    Int: 14    God:    the Shining One [****..]
Gold:   465        SH: 12    Dex: 12    Spells: 11/11 levels left

rFire    + . .     SeeInvis .   h - +4 spear (protect)
rCold    + . .     Gourm    .   n - +0 buckler of the Valley of Death {rN+ Int+5}
rNeg     + + +     Faith    .   H - +0 crystal plate armour
rPois    +         Spirit   .   l - +2 helmet
rElec    +         Reflect  .   (no cloak)
rCorr    +         Harm     .   t - +1 pair of gloves
MR       .....                  k - +2 pair of boots
Stlth    ..........             I - amulet of regeneration
Regen    0.7/turn               a - ring of flight
MPRegen  0.2/turn               (no ring)

@: lethally poisoned (-6 -> -7), divine shield, resistant, protection aura,
glowing
A: electricity resistance, weak 1
a: Divine Shield, Cleansing Flame, Renounce Religion, Evoke Flight


You were on level 1 of the Swamp.
You worshipped the Shining One.
The Shining One was greatly pleased with you.
You were hungry.

You visited 4 branches of the dungeon, and saw 14 of its levels.

You collected 465 gold pieces.

Inventory:

Hand Weapons
 h - a +4 spear of protection (weapon)
Missiles
 q - 253 arrows
Armour
 k - a +2 pair of boots (worn)
 l - a +2 helmet (worn)
 n - the +0 buckler of the Valley of Death (worn) {rN+ Int+5}
   (You found it on level 6 of the Dungeon)

   It affects your intelligence (+5).
   It protects you from negative energy.
 t - a +1 pair of gloves (worn)
 H - a +0 crystal plate armour (worn)
 J - a +0 large shield
Jewellery
 a - a ring of flight (left hand)
 I - an amulet of regeneration (around neck)
Wands
 o - a wand of digging (5/24)
 u - a wand of iceblast (5/15)
 y - a wand of disintegration (0/24)
 z - a wand of flame (0/48)
 C - a wand of scattershot (4/9)
 G - a wand of lightning (4/15)
 K - a wand of lightning (7/15)
Scrolls
 b - 2 scrolls of brand weapon
 c - 2 scrolls of fear
 i - 8 scrolls of teleportation
 j - 5 scrolls of amnesia
 s - a scroll of blinking
 w - a scroll of magic mapping
 x - 3 scrolls of remove curse
 D - 2 scrolls of identify
 E - 3 scrolls of recharging
Potions
 d - 3 potions of flight
 e - 2 potions of brilliance
 v - a potion of resistance
 F - a potion of heal wounds
Books
 m - a book of Misfortune

   Spells                             Type                      Level
   a - Confusing Touch                Hexes                        1
   b - Confuse                        Hexes                        3
   c - Gell's Gravitas                Translocation                3
   d - Petrify                        Transmutation/Earth          4
   e - Metabolic Englaciation         Hexes/Ice                    5
   f - Yara's Violent Unravelling     Hexes/Transmutation          5
 B - a book of Flames

   Spells                             Type                      Level
   a - Flame Tongue                   Conjuration/Fire             1
   b - Throw Flame                    Conjuration/Fire             2
   c - Conjure Flame                  Conjuration/Fire             3
   d - Inner Flame                    Hexes/Fire                   3
   e - Sticky Flame                   Conjuration/Fire             4
   f - Fireball                       Conjuration/Fire             5
Comestibles
 f - 10 bread rations
 g - 4 meat rations
 p - 7 fruits
 r - 3 royal jellies


   Skills:
 * Level 9.3 Fighting
   Level 2.1 Long Blades
 * Level 12.3 Polearms
 * Level 9.4 Armour
 + Level 3.4 Dodging
 + Level 0.7 Stealth
 * Level 8.7 Shields
 + Level 0.8 Evocations


You had 11 spell levels left.
You didn't know any spells.

Dungeon Overview and Level Annotations

Branches:
Dungeon (9/15)             Temple (1/1) D:4            Lair (3/6) D:9
  Swamp (1/4) Lair:2
  Snake: Lair:2-4    Spider: Lair:2-4       Orc: D:9-12

Altars:
Ashenzari
Cheibriados
Dithmenos
Elyvilon
Fedhas
Gozag
Hepliaklqana
Kikubaaqudgha
Makhleb
Nemelex Xobeh
Okawaru
Qazlal
Ru
Sif Muna
Uskayaw
Vehumet
Xom
Yredelemnul
The Shining One

Annotations:
Swamp:1 Aizul, Donald


Innate Abilities, Weirdness & Mutations

You are resistant to electric shocks. (rElec)
You are weak. (Str -2)


Message History

Aizul is lightly wounded.
You block Aizul's attack.
You hit Aizul but do no damage.
Aizul is lightly wounded.
Donald hits you from afar with a demon trident of venom!!
* * * LOW HITPOINT WARNING * * *
Aizul hits you but does no damage.
You hit Aizul but do no damage.
Aizul is lightly wounded.
Donald hits you from afar with a demon trident of venom.
* * * LOW HITPOINT WARNING * * *
Aizul hits you.
* * * LOW HITPOINT WARNING * * *
You block Donald's attack. Aizul hits you but does no damage.
You block Donald's attack.
Aizul coils herself and waves her upper body at you.
The poison arrow hits you!
You are poisoned.
You partially resist.
You die...

≈..≈... .. .#....♣....≈..
♣≈..§.. .#..#..≈..≈≈≈≈≈.≈
♣§.≈...#+#.#.##..≈...≈≈≈≈.≈
♣...≈..........≈≈≈...)....
♣=...........≈≈≈≈.≈≈≈≈♣♣.
♣..§.≈..♣♣♣.≈≈≈≈≈♣♣.≈.♣♣
♣♣♣≈.≈@♣♣§§.≈≈≈..♣♣.≈≈♣
♣♣♣..≈≈.≈......♣♣...♣
♣♣S@.♣....≈.≈♣♣♣♣♣♣
♣♣.≈..§....≈♣ ♣≈...≈....♣♣
♣♣....≈♣..♣ ♣♣†..≈≈.≈♣
♣♣♣.≈≈≈♣♣ ♣♣..♣♣ ♣♣♣♣


You could see Aizul and Donald.

Vanquished Creatures
  Louise (Swamp:1)
  Maurice (D:8)
  4 elephants (Lair:3)
  Joseph (D:9)
  Psyche (D:9)
  2 spiny frogs
  3 komodo dragons
  3 blink frogs (Lair:3)
  5 hippogriffs
  A spriggan (D:7)
  A vampire (D:9)
  A shadow (Swamp:1)
  9 yaks
  A basilisk (Lair:2)
  A hungry ghost (D:7)
  Menkaure (D:6)
  A swamp worm (Swamp:1)
  6 two-headed ogre zombies (D:9)
  3 water moccasins
  5 porcupines
  4 ice beasts
  An orc warrior (D:4)
  A sky beast (D:7)
  2 phantoms
  4 ogres
  9 wolves (Lair:1)
  12 crocodiles
  9 centaurs
  Blork the orc (D:6)
  A big kobold (D:9)
  10 bullfrogs
  3 killer bees (D:9)
  5 wights (D:9)
  2 electric eels
  3 howler monkeys (D:7)
  3 crimson imps
  Crazy Yiuf (D:6)
  A centaur zombie (D:7)
  6 hounds
  A gnoll shaman (D:4)
  4 orc priests
  9 orc wizards
  5 iguanas
  7 worker ants
  A hound zombie (D:9)
  A worker ant zombie (D:5)
  7 adders
  8 gnolls
  2 howler monkey skeletons
  A shadow imp (D:5)
  2 adder zombies
  2 adder skeletons
  3 worms
  A dart slug (D:1)
  4 leopard geckos
  37 orcs
  2 ball pythons
  7 giant cockroaches
  8 goblins
  11 hobgoblins
  15 jackals
  3 quokkas
  3 bats
  4 frilled lizards
  8 kobolds
  A leopard gecko zombie (D:6)
  A quokka skeleton (D:5)
  A quokka zombie (D:7)
  11 rats
  A fungus (D:6)
300 creatures vanquished.

Vanquished Creatures (others)
  3 fungi
3 creatures vanquished.

Grand Total: 303 creatures vanquished

Notes
Turn   | Place    | Note
-------+----------+-------------------------------------------
     0 | D:1      | valak24 the Human Fighter began the quest for the Orb.
     0 | D:1      | Reached XP level 1. HP: 18/18 MP: 1/1
    50 | D:1      | Reached XP level 2. HP: 20/24 MP: 2/2
   280 | D:1      | Reached XP level 3. HP: 29/29 MP: 3/3
   697 | D:2      | Reached XP level 4. HP: 22/36 MP: 4/4
   723 | D:2      | Reached skill level 1 in Polearms
  1660 | D:3      | Gained mutation: You are weak. (Str -2) [potion of mutation]
  1660 | D:3      | Gained mutation: You are resistant to electric shocks. (rElec) [potion of mutation]
  1703 | D:3      | Reached skill level 2 in Polearms
  1703 | D:3      | Reached XP level 5. HP: 28/41 MP: 5/5
  2372 | D:4      | Reached XP level 6. HP: 48/48 MP: 6/6
  2492 | D:4      | Noticed a phantom
  2521 | D:4      | Killed a phantom
  2521 | D:4      | Reached skill level 3 in Polearms
  2521 | D:4      | Reached skill level 1 in Dodging
  2814 | D:4      | Found a staircase to the Ecumenical Temple.
  2916 | Temple   | Entered the Ecumenical Temple
  2996 | Temple   | Became a worshipper of the Shining One
  3056 | D:4      | Reached XP level 7. HP: 50/53 MP: 7/7
  3097 | D:5      | Entered Level 5 of the Dungeon
  3099 | D:5      | Found a sacrificial altar of Ru.
  3100 | D:5      | Found a hide-covered altar of Uskayaw.
  3119 | D:5      | Found a shimmering altar of Xom.
  3272 | D:5      | Reached skill level 4 in Polearms
  3807 | D:4      | HP: 1/54 [orc warrior/trident (9)]
  3810 | D:4      | Reached skill level 5 in Shields
  3898 | D:4      | Reached XP level 8. HP: 15/61 MP: 8/8
  4272 | D:5      | Reached * piety under the Shining One
  4272 | D:5      | Reached skill level 5 in Polearms
  4623 | D:6      | Got a dazzling buckler
  4624 | D:6      | Identified the cursed +0 buckler of the Valley of Death {rN+ Int+5} (You found it on level 6 of the Dungeon)
  4989 | D:6      | Noticed Menkaure
  4990 | D:6      | Noticed Blork the orc
  4995 | D:6      | Killed Menkaure
  5003 | D:6      | Killed Blork the orc
  5003 | D:6      | Reached skill level 5 in Armour
  5073 | D:6      | Found a runed door.
  5200 | D:6      | Noticed Crazy Yiuf
  5210 | D:6      | Killed Crazy Yiuf
  5210 | D:6      | Reached skill level 6 in Polearms
  5637 | D:7      | Reached skill level 5 in Fighting
  5637 | D:7      | Reached XP level 9. HP: 68/68 MP: 9/9
  5827 | D:7      | Reached skill level 7 in Polearms
  6528 | D:7      | Found a stormy altar of Qazlal.
  6597 | D:8      | Noticed Maurice
  6667 | D:8      | Killed Maurice
  6667 | D:8      | Reached skill level 8 in Polearms
  6798 | D:8      | Reached XP level 10. HP: 70/76 MP: 10/10
  7090 | D:8      | Reached ** piety under the Shining One
  7097 | D:8      | Reached skill level 9 in Polearms
  7769 | D:8      | Got an iridescent long sword
  7770 | D:8      | Identified the +3 long sword of Keb Giu {flame, +Inv rElec Str-2} (You found it on level 8 of the Dungeon)
  8073 | D:9      | Reached skill level 10 in Polearms
  8195 | D:9      | Reached *** piety under the Shining One
  8255 | D:9      | Found a staircase to the Lair.
  8261 | D:9      | Noticed Psyche
  8268 | D:9      | Killed Psyche
  8272 | D:9      | Reached XP level 11. HP: 84/84 MP: 11/11
  8422 | D:9      | Noticed Joseph
  8447 | D:9      | Killed Joseph
  8596 | Lair:1   | Entered Level 1 of the Lair of Beasts
  8671 | Lair:1   | Reached skill level 11 in Polearms
  9417 | Lair:1   | Reached **** piety under the Shining One
 10600 | Lair:2   | Noticed an eight-headed hydra
 10659 | Lair:2   | Found a staircase to the Swamp.
 11399 | Lair:3   | Noticed an elephant
 11399 | Lair:3   | Noticed an elephant
 11399 | Lair:3   | Noticed an elephant
 11399 | Lair:3   | Noticed an elephant
 11434 | Lair:3   | Killed an elephant
 11434 | Lair:3   | Reached XP level 12. HP: 85/94 MP: 12/12
 11749 | Lair:3   | Reached skill level 12 in Polearms
 12260 | Lair:3   | Found a shimmering altar of Xom.
 13428 | Swamp:1  | Entered Level 1 of the Swamp
 13469 | Swamp:1  | Noticed Louise
 13532 | Swamp:1  | Killed Louise
 13586 | Swamp:1  | Noticed Aizul
 13588 | Swamp:1  | Noticed Donald
 13608 | Swamp:1  | HP: 3/95 [Donald/demon trident of venom (3)]
 13612 | Swamp:1  | Killed from afar by Aizul

Skill      XL: |  1  2  3  4  5  6  7  8  9 10 11 12 |
---------------+-------------------------------------+-----
Polearms       | 2 3 4 6 8 10 11 12 | 12.3
Shields        | 4 5 6 7 8 |  8.7
Armour         | 4 5 7 8 9 |  9.4
Dodging        | 1 2 3 |  3.4
Fighting       | 4 5 6 7 8 9 |  9.3
Long Blades    | |  2.1
Stealth        | |  0.7
Evocations     | |  0.8

Action                   |  1- 3 |  4- 6 |  7- 9 | 10-12 || total
-------------------------+-------+-------+-------+-------++-------
Melee: Long sword        |    33 |       |       |       ||    33
       Spear             |    89 |   256 |   510 |  1084 ||  1939
Invok: Divine Shield     |       |       |       |     1 ||     1
Evoke: Wand              |       |       |       |    17 ||    17
  Use: Potion            |     4 |     7 |     6 |    13 ||    30
       Scroll            |     5 |     8 |    12 |     9 ||    34
  Eat: Chunk             |       |     3 |       |     2 ||     5
       Bread ration      |       |     1 |     4 |     4 ||     9
Armor: Scale mail        |    37 |   123 |    65 |       ||   225
       Chain mail        |       |       |   119 |   351 ||   470
       Crystal plate arm |       |       |       |   200 ||   200
Dodge: Dodged            |    28 |    83 |   146 |   242 ||   499
Block: Shield            |    55 |   140 |   110 |       ||   305
       Buckler           |       |       |    60 |   194 ||   254
       Rpst.: Long sword |     1 |       |       |       ||     1
